 Dungeon Crawl Stone Soup version 0.27-a0-1559-g299f994 (webtiles) character file.

Game seed: 10083049308777306894

16 Meow the Digger (level 2, 13/20 HPs)
             Began as a Ghoul Earth Elementalist on July 15, 2021.
             Quit the game on level 2 of the Dungeon.
             The game lasted 00:02:00 (630 turns).

Meow the Digger (Ghoul Earth Elementalist)           Turns: 630, Time: 00:02:01

Health: 13/20      AC:  3    Str: 11    XL:     2   Next: 58%
Magic:  4/4        EV: 12    Int: 10    God:
Gold:   28         SH:  0    Dex:  9    Spells: 4/5 levels left

rFire    . . .     SeeInvis .   (no weapon)
rCold    + . .     Faith    .   (no shield)
rNeg     + + +     Spirit   .   b - +0 robe
rPois    ∞         Reflect  .   (no helmet)
rElec    .         Harm     .   (no cloak)
rCorr    .         Rampage  .   a - +0 pair of gloves
Will     .....                  (no boots)
Stlth    ++........             (no amulet)
HPRegen  0.06/turn              (no ring)
MPRegen  0.09/turn              (no ring)

@: no status effects
A: claws 1, cold resistance 1, negative energy resistance 3, inhibited
regeneration, torment resistance 2
a: no special abilities


You were on level 2 of the Dungeon.
You visited 1 branch of the dungeon, and saw 2 of its levels.

You collected 28 gold pieces.

Inventory:

Hand Weapons
 e - a +0 hunting sling
Missiles
 c - 45 stones
Armour
 a - a +0 pair of gloves (worn)
 b - a +0 robe (worn)
Scrolls
 d - a scroll of teleportation {unknown}
 f - a scroll of identify {unknown}
 g - a scroll of fear {unknown}


   Skills:
 - Level 1.7 Dodging
 - Level 2.1 Stealth
 + Level 2.2 Spellcasting
 - Level 0.8 Transmutations
 + Level 3.8 Earth Magic


You had 4 spell levels left.
You knew the following spells:

 Your Spells              Type           Power      Damage    Failure   Level
a - Sandblast             Erth           16%        2d6       6%          1

Your spell library contained the following spells:

 Spells                   Type           Power      Damage    Failure   Level
 Passwall                 Tmut/Erth      4%         N/A       19%         2
 Stone Arrow              Conj/Erth      8%         3d7       38%         3
 Petrify                  Tmut/Erth      5%         N/A       75%         4


Dungeon Overview and Level Annotations

Branches:
Dungeon (1/15)

Altars:

Shops:
D:2 [

Annotations:
D:2 1 runed translucent door


Innate Abilities, Weirdness & Mutations

You thrive by killing the living.
You are immune to poison.
You have sharp fingernails.
Your flesh is cold resistant. (rC+)
You are immune to negative energy. (rN+++)
You do not regenerate when monsters are visible.
You are immune to unholy pain and torment.


Message History

Found a stone staircase leading down.
g - a scroll labelled FAULYE XYAC
There is a stone staircase leading down here.
A kobold comes into view. It is wielding a +0 short sword.
The helpless kobold fails to defend itself.
You hit the kobold but do no damage. The kobold hits you but does no damage.
You hit the kobold but do no damage. The kobold hits you but does no damage.
You hit the kobold.
The kobold is moderately wounded.
The kobold hits you with a +0 short sword.
You hit the kobold but do no damage.
The kobold is moderately wounded.
The kobold hits you with a +0 short sword.
You hit the kobold.
The kobold is severely wounded.
The kobold hits you with a +0 short sword.
You hit the kobold but do no damage.
The kobold is severely wounded.
The kobold hits you but does no damage.
You barely miss the kobold.
The kobold is severely wounded.
The kobold closely misses you.
You hit the kobold.
You kill the kobold!
You feel better.
You see here a +0 short sword.
A goblin comes into view. It is wielding a +0 club.
The goblin shouts!
The goblin hits you with a +0 club.
You hit the goblin.
The goblin is heavily wounded.
The goblin hits you with a +0 club.
You closely miss the goblin.
The goblin is heavily wounded.
The goblin hits you but does no damage.
You hit the goblin.
You kill the goblin!
You feel better.
You see here a +0 club.
Are you sure you want to abandon this character and quit the game? (Confirm with "yes".)

### ####### ..# #.....# #.#
#.###.# ## #.# ##...#.#
....###.#######......###
#.....................
...###.###...#......###
###.###.##.....#...#.#
.......@###...##.###.###
###.##### ##.###....)##. #.#
########. #.# #. ##+## #.
##...## #. # ### ##.....##
### #.##.## ##.......## ##.#
####.#...####.........####...


There were no monsters in sight!

Vanquished Creatures
  2 dart slugs (D:1)
  2 giant cockroaches (D:1)
  A goblin (D:2)
  A hobgoblin (D:2)
  A quokka (D:1)
  2 ball pythons
  2 kobolds
  2 rats
13 creatures vanquished.

Notes
Turn   | Place    | Note
-------+----------+-------------------------------------------
     0 | D:1      | Meow the Ghoul Earth Elementalist began the quest for the
                  | Orb.
     0 | D:1      | Reached XP level 1. HP: 14/14 MP: 2/2
   221 | D:1      | Reached XP level 2. HP: 20/20 MP: 4/4
   386 | D:1      | You fall into a shaft and drop 1 floor!
   409 | D:2      | Found a runed translucent door.
   545 | D:2      | Found Olanar's Antique Armour Shoppe.
   630 | D:2      | Quit the game

Illustrated notes

Levels and vault maps discovered:
D:1:      wander_arrival_desolate, layout_loops_ring
D:2:      layout_loops_corners, ebering_ecumenical_altar_hall, serial_shops,
          shop, nicolae_shop_trees, nicolae_shop_window_shopping,
          uniq_crazy_yiuf_cottage

Skill      XL: |  1 |
---------------+----+-----
Spellcasting   | 2 |  2.2
Dodging        | |  1.7
Stealth        | |  2.1
Transmutations | |  0.8
Earth Magic    | |  3.8

Action                   || total
-------------------------++-------
Melee: Unarmed           ||    80
 Cast: Sandblast         ||     6
 Stab: Sleeping          ||     2
Armor: Robe              ||    24
Dodge: Dodged            ||    51

Table legend: (Time is in decaauts)
 A = Elapsed time spent in this place.
 B = Non-inter-level travel time spent in this place.
 C = Inter-level travel time spent in this place.
 D = Time resting spent in this place.
 E = Time spent auto-exploring this place.
 F = Levels seen in this place.
 G = Mean time per level.
                   A        B        C        D        E       F      G
               +--------+--------+--------+--------+--------+-----+--------+
         Total |    629 |    614 |     15 |    116 |    320 |   2 |  314.5 |
       Dungeon |    629 |    614 |     15 |    116 |    320 |   2 |  314.5 |
               +--------+--------+--------+--------+--------+-----+--------+

Top non-repeatable levels by time:
     D:1: 386 daAuts
     D:2: 243 daAuts
